 Dungeon Crawl Stone Soup version 0.17.2 (webtiles) character file.

203 Goblin1989 the Cudgeler (level 5, -11/32 HPs)
             Began as a Gargoyle Fighter on May 31, 2016.
             Killed by divine providence
             ... invoked by an orc priest
              (14 damage)
             ... on level 5 of the Dungeon.
             The game lasted 00:08:23 (925 turns).

Goblin1989 the Cudgeler (Gargoyle Fighter)           Turns: 925, Time: 00:08:24

Health: -11/32     AC: 10    Str: 21    XL:     5   Next: 81%
Magic:  5/5        EV:  7    Int:  8    God:
Gold:   136        SH:  9    Dex:  9    Spells: 0 memorised, 4 levels left

rFire  . . .     SeeInvis .     d - +0 morningstar
rCold  . . .     Clarity  .     b - +0 scale mail
rNeg   + . .     SustAt   .     c - +0 shield
rPois  ∞         Gourm    .     (no helmet)
rElec  +         Spirit   .     (no cloak)
rCorr  .         Warding  .     (no gloves)
rMut   .         Stasis   .     (no boots)
MR     .....                    (no amulet)
Stlth  ..........               (no ring)
                                (no ring)

@: very slightly contaminated, hasted, very quick, not resistant to hostile
enchantments, extremely unstealthy
A: negative energy resistance 1, electricity resistance, unbreathing,
petrification resistance, rot immunity, AC +4
a: no special abilities


You were on level 5 of the Dungeon.
You were not hungry.

You visited 1 branch of the dungeon, and saw 6 of its levels.

You collected 136 gold pieces.

Inventory:

Hand Weapons
 d - a +0 morningstar (weapon)
Missiles
 j - a throwing net {=f, !d}
Armour
 b - a +0 scale mail (worn)
 c - a +0 shield (worn)
Scrolls
 f - a scroll of fear {unknown}
 g - 3 scrolls of enchant armour {unknown}
 h - a scroll of remove curse {unknown}
 n - 3 scrolls of fog {unknown}
 q - a scroll of teleportation {unknown}
 s - a scroll of identify {unknown}
Potions
 l - a potion of curing
 r - a potion of flight {unknown}
Comestibles
 a - 2 chunks of flesh
 e - a bread ration
 i - a beef jerky
 o - a meat ration


   Skills:
 - Level 3.2 Fighting
 + Level 5.8 Maces & Flails
 - Level 3.2 Armour
 - Level 3.2 Shields


You had 4 spell levels left.
You didn't know any spells.

Dungeon Overview and Level Annotations

Branches:
Dungeon (6/15)
 Temple: D:4-7

Altars:


Innate Abilities, Weirdness & Mutations

You are resistant to torment.
Your stone body is resilient (AC +4).
You are immune to poison.
You resist negative energy.
You are resistant to electric shocks.
You can survive without breathing.
You are immune to petrification.
You are immune to rotting.


Message History

An orc and an orc wizard come into view.
The orc shouts!
The orc wizard gestures at you while chanting.
The magic dart hits you!
An orc comes into view. It is wielding a trident.
The orc priest miscasts a cantrip.
An orc comes into view. It is wielding a mace.
The orc priest calls down the wrath of Beogh upon you.
Something smites you!
Ouch! That really hurt!
* * * LOW HITPOINT WARNING * * *
Unknown command.
Drink which item? (? for menu, Esc to quit)
You feel yourself speed up.
You hear a blaring wail to the south.
You hear a shout!
You hear a bark!
You hear a bark! x3
You barely miss the orc.
The orc priest invokes the aid of Beogh against you.
Something smites you!
You die...

.....#####
#####.#.#...
###### #.# # #.#.#
##########.#.#...
.................#
#..........#.##..#
#..........#...
#..........# ##.
#......@...# ..
#......o...# .
#.....oo...#
#......o...#
#............
#....o........
#..............
#..............


You could see an orc priest, an orc wizard and 3 orcs.

Vanquished Creatures
  2 hounds (D:5)
  2 orc wizards
  A worker ant (D:4)
  A gnoll (D:3)
  11 orcs
  A bat (D:2)
  2 giant cockroaches
  4 goblins
  A hobgoblin (D:2)
  3 jackals (D:5)
  A quokka (D:2)
  3 giant newts
  3 kobolds
  2 rats (D:2)
37 creatures vanquished.

Notes
Turn   | Place    | Note
--------------------------------------------------------------
     0 | D:1      | Goblin1989 the Gargoyle Fighter began the quest for the Orb.
     0 | D:1      | Reached XP level 1. HP: 14/14 MP: 1/1
     2 | D:1      | Noticed a gargoyle
     4 | D:1      | Noticed a human
     6 | D:1      | Noticed an elf
     6 | D:1      | Noticed an ogre
     8 | D:1      | Noticed a vine stalker
    10 | D:1      | Noticed a merfolk
    10 | D:1      | Noticed a troll
    12 | D:1      | Noticed a demonspawn
    14 | D:1      | Noticed a formicid
    14 | D:1      | Noticed a spriggan
    16 | D:1      | Noticed a minotaur
    16 | D:1      | Noticed a tengu
    18 | D:1      | Noticed a felid
    18 | D:1      | Noticed a ghoul
    20 | D:1      | Noticed a dwarf
    22 | D:1      | Noticed an octopode
    22 | D:1      | Noticed a centaur
    24 | D:1      | Noticed a naga
    24 | D:1      | Noticed a draconian
    26 | D:1      | Noticed a vampire
    26 | D:1      | Noticed a demigod
   172 | D:2      | Reached XP level 2. HP: 9/19 MP: 2/2
   502 | D:3      | Reached XP level 3. HP: 9/23 MP: 3/3
   516 | D:4      | Reached skill level 4 in Maces & Flails
   590 | D:3      | Reached XP level 4. HP: 10/28 MP: 4/4
   661 | D:3      | Reached skill level 5 in Maces & Flails
   661 | D:3      | Reached XP level 5. HP: 16/32 MP: 5/5
   839 | D:5      | Entered Level 5 of the Dungeon
   925 | D:5      | Killed from afar by an orc priest

Action                   |  1- 3 |  4- 6 || total
-------------------------+-------+-------++-------
Melee: Flail             |   115 |    28 ||   143
       Morningstar       |       |    33 ||    33
  Use: Potion            |       |     6 ||     6
  Eat: Chunk             |       |     1 ||     1
